 Dungeon Crawl Stone Soup version 0.31-a0-175-g9f7f995f2b (webtiles) character file.

Game seed: 3644297270617144410

1124 qw the Skirmisher (level 8, -5/49 HPs)
             Began as a Gargoyle Hunter on June 16, 2023.
             Killed by divine providence
             ... invoked by an orc priest
              (12 damage)
             ... on level 6 of the Dungeon.
             The game lasted 00:01:39 (3726 turns).

qw the Skirmisher (Gargoyle Hunter)                 Turns: 3726, Time: 00:01:40

Health: -5/49      AC: 14    Str: 15    XL:     8   Next: 35%
Magic:  8/8        EV: 11    Int:  8    God:
Gold:   411        SH:  0    Dex: 15    Spells: 7/7 levels left

rFire   . . .        Y - +0 arbalest
rCold   . . .        (shield currently unavailable)
rNeg    + . .        e - +0 ring mail
rPois   inf          (no helmet)
rElec   +            n - +0 cloak
rCorr   .            c - +0 pair of gloves
SInv    .            b - +0 pair of boots
Will    .....        j - amulet of regeneration
Stlth   +            (no ring)
HPRegen 1.08/turn    (no ring)
MPRegen 0.11/turn

%: no passive effects
@: about to teleport
A: sickness immunity, AC +5, negative energy resistance 1, electricity
resistance, torment resistance 1, petrification resistance, dopey 1
a: no special abilities


You were on level 6 of the Dungeon.
You visited 1 branch of the dungeon, and saw 6 of its levels.

You collected 411 gold pieces.


Innate Abilities, Weirdness & Mutations

You are immune to sickness and miasma.
Your stone body is resilient. (AC +5)
You are immune to poison.
You resist negative energy. (rN+)
You are resistant to electric shocks. (rElec)
You are resistant to unholy torment.
You are immune to petrification.
You are dopey. (Int -2)


   Skills:
 - Level 5.1 Fighting
 - Level 9.0 Ranged Weapons
 + Level 2.3 Armour
 - Level 2.3 Dodging
 - Level 1.1 Stealth


You had 7 spell levels left.
You didn't know any spells.
Your spell library was empty.

Inventory:

Hand Weapons
 Y - a +0 arbalest (weapon)
Armour
 b - a +0 pair of boots (worn)
 c - a +0 pair of gloves (worn)
 e - a +0 ring mail (worn)
 n - a +0 cloak (worn)
Jewellery
 j - an amulet of regeneration (around neck)
 o - the ring of Tumisee {rF+ rCorr Str+3 Dex+2}
   (You found it on level 6 of the Dungeon)

   [ring of protection from fire]

   Str:       It affects your strength (+3).
   Dex:       It affects your dexterity (+2).
   rF:        It protects you from fire.
   rCorr:     It protects you from acid and corrosion.
Potions
 a - a potion of invisibility {unknown}
 d - a potion of mutation
 f - 4 potions of heal wounds
 g - a potion of might
 h - 2 potions of lignification {unknown}
 i - a potion of enlightenment {unknown}
 k - a potion of curing
 l - a potion of attraction

Dungeon Overview and Level Annotations

Branches:
Dungeon (6/15)
 Temple: D:4-7

Altars:
Uskayaw
Vehumet
Yredelemnul
The Shining One

Shops:
D:2 (

Annotations:
D:3 3 runed translucent doors, qw's ghost, amateur GrFi
D:4 3 runed translucent doors, qw's ghost, amateur GrFi


Message History

The orc priest calls down the wrath of Beogh upon you.
Beogh smites you!
The orc priest looks encouraged for a moment.
You hear a bark!
You shoot a bolt. The bolt hits the orc warrior!
The orc warrior is heavily wounded.
You shoot a bolt. The bolt hits the orc warrior.
The orc warrior is heavily wounded.
The orc warrior hits you with a +0 long sword.
The shadow strikes at you from the darkness!
Reactivating autopickup.
The orc warrior hits you with a +0 long sword!
The orc priest calls upon Beogh to heal the orc warrior.
The orc warrior is healed somewhat.
The shadow closely misses you.
You shoot a bolt.
The bolt closely misses the orc warrior.
A hound comes into view.
The orc warrior hits you but does no damage.
The shadow barely misses you.
You shoot a bolt. The hound barks!
The bolt hits the orc warrior.
The orc warrior is heavily wounded.
You hear a shout!
The orc warrior hits you with a +0 long sword!
The shadow slips into darkness.
The shadow flickers and vanishes!
Deactivating autopickup; reactivate with Ctrl-A.
The orc warrior closely misses you.
The orc priest calls down the wrath of Beogh upon you.
Beogh smites you!
The shadow strikes at you from the darkness!
Reactivating autopickup.
3726 ||| READING scroll of teleportation.
As you read the scroll of teleportation, it crumbles to dust.
You feel strangely unstable. The orc warrior closely misses you.
The orc priest invokes the aid of Beogh against you.
Beogh smites you!
You die... .. ... .. .)# .. ... .# .. .###.# hoo.#

#oW# ##@# ##..#
#..## #######.##
........##
#######..## #####
##..## #...# #....##
########.###
#.##..###...#..%...%


You could see an orc warrior, a shadow, a hound, an orc priest and an orc
wizard.

Vanquished Creatures
  Grinder (D:3)
  Eustachio (D:5)
  Edmund (D:4)
  An ogre (D:4)
  A centaur (D:6)
  A phantom (D:5)
  A scorpion (D:5)
  2 hounds
  An orc priest (D:4)
  A sleepcap (D:6)
  3 iguanas (D:4)
  An orc wizard (D:4)
  A scorpion zombie (D:3)
  5 adders
  A shadow imp (D:5)
  2 worms
  3 dart slugs
  6 orcs
  8 ball pythons
  10 endoplasms
  8 giant cockroaches
  7 goblins
  5 hobgoblins
  6 jackals
  4 kobolds
  4 quokkas
  5 bats
  5 frilled lizards
  A quokka zombie (D:3)
  5 rats
101 creatures vanquished.

Notes
Turn   | Place    | Note
-------+----------+-------------------------------------------
     0 | D:1      | qw the Gargoyle Hunter began the quest for the Orb.
     0 | D:1      | Reached XP level 1. HP: 12/12 MP: 1/1
     0 | D:1      | 0 ||| qw: Version: 0.2-a-29-g511e9b1
     0 | D:1      | 0 ||| qw: Game counter: 5697
     0 | D:1      | 0 ||| qw: Always use a shield: true
     0 | D:1      | 0 ||| qw: God list: Okawaru
     0 | D:1      | 0 ||| qw: Allow faded altars: false
     0 | D:1      | 0 ||| qw: Do Orc after D:15 true
     0 | D:1      | 0 ||| qw: Do second Lair branch before Depths: true
     0 | D:1      | 0 ||| qw: Lair rune preference: random
     0 | D:1      | 0 ||| qw: Plans: Normal, Zot:1-4, Slime:5, God:TSO, Crypt,
                  | Tomb, Abyss, Pan, Hells, Win
     0 | D:1      | 0 ||| PLANNING D:1-11
    64 | D:1      | Reached XP level 2. HP: 12/17 MP: 2/2
   474 | D:1      | Reached XP level 3. HP: 21/21 MP: 3/3
   556 | D:1      | Reached skill level 5 in Ranged Weapons
   760 | D:1      | Found a faded altar of an unknown god.
   904 | D:1      | 904 ||| UPGRADING to +0 ring mail.
   914 | D:1      | 914 ||| DROPPING +0 leather armour.
   915 | D:1      | 915 ||| DROPPING scroll of butterflies.
  1018 | D:2      | Reached skill level 1 in Armour
  1251 | D:2      | Reached skill level 3 in Fighting
  1251 | D:2      | Reached XP level 4. HP: 24/28 MP: 4/4
  1308 | D:2      | Found Josk's Weapon Shop.
  1462 | D:2      | 1462 ||| UPGRADING to +0 pair of gloves.
  1467 | D:2      | 1467 ||| UPGRADING to amulet of regeneration.
  1472 | D:2      | 1472 ||| READING 2 scrolls labelled LOPPUMM YCKIWO.
  1473 | D:2      | 1473 ||| READING scroll labelled HEMU AMOREIQITZ.
  1474 | D:2      | 1474 ||| READING scroll labelled MININI VEUGHIOBBU.
  1475 | D:2      | 1475 ||| READING scroll labelled CIB IREM PIONU.
  1476 | D:2      | 1476 ||| READING 2 scrolls labelled YFOWESTRILO.
  1481 | D:2      | 1481 ||| DRINKING 2 dark potions.
  1481 | D:2      | Gained mutation: You are dopey. (Int -2) [potion of
                  | mutation]
  1482 | D:2      | 1482 ||| DRINKING 2 white potions.
  1483 | D:2      | 1483 ||| DROPPING scroll of vulnerability.
  1565 | D:3      | Found a glowing golden altar of the Shining One.
  1644 | D:3      | Found a radiant altar of Vehumet.
  1712 | D:3      | Noticed Grinder
  1717 | D:3      | 1717 ||| FLEEEEING.
  1717 | D:3      | Paralysed by Grinder for 5 turns
  1731 | D:3      | 1731 ||| FLEEEEING.
  1742 | D:3      | 1742 ||| FLEEEEING.
  1743 | D:3      | 1743 ||| FLEEEEING.
  1746 | D:3      | Paralysed by Grinder for 5 turns
  1755 | D:3      | Paralysed by Grinder for 2 turns
  1762 | D:3      | Killed Grinder
  1763 | D:3      | Reached skill level 6 in Ranged Weapons
  1763 | D:3      | Reached XP level 5. HP: 32/32 MP: 5/5
  1763 | D:3      | Reached XP level 6. HP: 37/37 MP: 6/6
  1796 | D:3      | 1796 ||| UPGRADING to +0 arbalest.
  1797 | D:3      | 1797 ||| DROPPING +0 shortbow.
  1935 | D:3      | Found a runed translucent gate.
  1935 | D:3      | Found a runed translucent gate.
  1935 | D:3      | Found a runed translucent gate.
  1935 | D:3      | Noticed qw's ghost (amateur GrFi)
  1937 | D:3      | 1937 ||| UPGRADING to +0 pair of boots.
  1951 | D:3      | Found a basalt altar of Yredelemnul.
  2157 | D:3      | 2157 ||| READING scroll labelled YCAFUN EPPIT.
  2158 | D:3      | 2158 ||| DRINKING 2 pink potions.
  2159 | D:3      | 2159 ||| DRINKING 2 glowing emerald potions.
  2160 | D:3      | 2160 ||| DROPPING potion of degeneration.
  2199 | D:4      | Noticed Edmund
  2209 | D:4      | Killed Edmund
  2213 | D:4      | Reached skill level 7 in Ranged Weapons
  2252 | D:4      | 2252 ||| FLEEEEING.
  2273 | D:4      | Reached XP level 7. HP: 24/44 MP: 7/7
  2501 | D:4      | Found a runed translucent gate.
  2502 | D:4      | Found a runed translucent gate.
  2502 | D:4      | Found a runed translucent gate.
  2510 | D:4      | Noticed qw's ghost (amateur GrFi)
  2780 | D:4      | 2780 ||| DRINKING 2 sedimented inky potions.
  2781 | D:4      | 2781 ||| DRINKING 2 lumpy coppery potions.
  2805 | D:5      | Entered Level 5 of the Dungeon
  2996 | D:5      | Reached skill level 8 in Ranged Weapons
  3188 | D:5      | Noticed Eustachio
  3206 | D:5      | 3206 ||| FLEEEEING.
  3207 | D:5      | 3207 ||| FLEEEEING.
  3208 | D:5      | 3208 ||| FLEEEEING.
  3209 | D:5      | 3209 ||| FLEEEEING.
  3212 | D:5      | 3212 ||| FLEEEEING.
  3213 | D:5      | Killed Eustachio
  3214 | D:5      | Reached XP level 8. HP: 45/49 MP: 8/8
  3601 | D:5      | 3601 ||| UPGRADING to +0 cloak.
  3653 | D:6      | 3653 ||| PLANNING OSSUARY
  3659 | D:6      | Identified the ring of Tumisee {rF+ rCorr Str+3 Dex+2}
  3666 | D:6      | Found a hide-covered altar of Uskayaw.
  3719 | D:6      | Reached skill level 9 in Ranged Weapons
  3719 | D:6      | Noticed a shadow
  3725 | D:6      | HP: 7/49 [orc priest/divine providence (11)]
  3726 | D:6      | 3726 ||| READING scroll of teleportation.
  3726 | D:6      | Killed from afar by an orc priest

Levels and vault maps discovered:
D:1:      lemuel_arrival_hallway, layout_loops_corners,
          shapermc_ecumenical_altar_mp_highgroup, solitary_fountain
D:2:      layout_rooms, serial_shops, nicolae_shop_advertising_works
          [nicolae_subvault_shop_adworks], corexii_leaking_fountain,
          kennysheep_generic_room_5
D:3:      layout_basic, nicolae_yredelemnul_ghost_church,
          mainiacjoe_overflow_24_doors, mainiacjoe_overflow_tiny_flanked,
          uniq_grinder
D:4:      layout_basic, gammafunk_ghost_split, nrook_mini_vaults,
          grunt_decor_fettered, uniq_edmund
D:5:      layout_cave_pods, uniq_eustachio
D:6:      layout_cave_pods, nicolae_uskayaw_murder_on_the_dancefloor,
          lemuel_round_altar, minmay_temple_entry_gardened_gates,
          nicolae_ossuary_entry_ruins, chequers_garden, minmay_circle_x

Skill      XL: |  1  2  3  4  5  6  7  8 |
---------------+-------------------------+-----
Ranged Weapons | 5 6 7 8 9 |  9.0
Armour         | 1 2 |  2.3
Fighting       | 3 4 5 |  5.1
Dodging        | 2 |  2.3
Stealth        | |  1.1

Action                     |  1- 3 |  4- 6 |  7- 9 || total
---------------------------+-------+-------+-------++-------
   Fire: Shortbow          |   146 |    62 |       ||   208
         Arbalest          |       |    46 |   125 ||   171
    Use: Scroll            |       |     6 |     1 ||     7
         Potion            |       |     4 |     2 ||     6
 Armour: Leather armour    |    11 |       |       ||    11
         Ring mail         |    22 |    47 |    87 ||   156
  Dodge: Dodged            |    30 |    34 |   108 ||   172

Table legend:
 A = Non-vault XP
 B = Vault XP
 C = Vault XP percentage of total XP
 D = Non-vault monster count
 E = Vault monster count
 F = Vault count percentage of total count
                 A         B        C        D         E       F
            +---------+---------+-------+---------+---------+-------
      Total |     953 |     654 |  40.7 |      93 |       8 |   7.9
            +---------+---------+-------+---------+---------+-------
        D:1 |      52 |       0 |   0.0 |      31 |       0 |   0.0
        D:2 |      49 |       5 |   9.3 |      20 |       3 |  13.0
        D:3 |      26 |     295 |  91.9 |       6 |       3 |  33.3
        D:4 |     392 |     158 |  28.7 |      24 |       1 |   4.0
        D:5 |     283 |     196 |  40.9 |       8 |       1 |  11.1
        D:6 |     151 |       0 |   0.0 |       4 |       0 |   0.0
            +---------+---------+-------+---------+---------+-------
